 Dungeon Crawl Stone Soup version 0.31-a0-145-g046c7d2549 (webtiles) character file.

Game seed: 13642812511691424408

98 jlumianski the Magician (level 5, -2/36 HPs)
             Began as a Djinni Fire Elementalist on June 5, 2023.
             Slain by Robin
             ... wielding a +0 whip
              (6 damage)
             ... on level 2 of the Dungeon on June 6, 2023.
             The game lasted 00:11:44 (2472 turns).

jlumianski the Magician (Djinni Fire Elementalist)  Turns: 2472, Time: 00:11:44

Health: -2/36      AC:  2    Str:  7    XL:     5   Next: 1%
Gold:   103        EV: 13    Int: 19    God:
                   SH:  0    Dex: 13

rFire   + + .        d - +0 whip (elec)
rCold   x . .        (no shield)
rNeg    . . .        a - +0 robe
rPois   ∞            (no helmet)
rElec   .            k - scarf {harm}
rCorr   .            (no gloves)
SInv    .            (boots unavailable)
Will    .....        (no amulet)
Stlth   ++           o - +4 ring of slaying
HPRegen 0.26/turn    (no ring)
MPRegen 0.00/turn

%: harm (+30% outgoing, +20% incoming), infuse magic (-3 HP)
@: flying
A: sickness immunity, fire resistance 2, cold vulnerability 1, float, innate
caster, HP casting, extra vitality 1
a: no special abilities


You were on level 2 of the Dungeon.
You visited 1 branch of the dungeon, and saw 3 of its levels.

You collected 103 gold pieces.

Inventory:

Hand Weapons
 d - a +0 whip of electrocution (weapon)
Missiles
 f - 4 boomerangs
Armour
 a - a +0 robe (worn)
 c - a +0 cloak
 i - a +2 ring mail of fire resistance
 k - a scarf of harm (worn)
Jewellery
 o - a +4 ring of slaying (left hand)
Scrolls
 b - a scroll of poison {unknown}
 g - a scroll of fear {unknown}
 j - 2 scrolls of identify {unknown}
 l - 2 scrolls of fog {unknown}
 n - a scroll of butterflies {unknown}
 p - a scroll of enchant armour {unknown}
 q - a scroll of teleportation {unknown}
Potions
 e - a potion of heal wounds {unknown}
 h - a potion of magic {unknown}
 m - a potion of invisibility {unknown}
 r - a potion of berserk rage {unknown}


   Skills:
 + Level 0.6 Fighting
 + Level 1.0 Maces & Flails
 + Level 3.2 Dodging
 + Level 2.4 Stealth
 + Level 0.1 Unarmed Combat
 * Level 3.4 Spellcasting
 * Level 3.4 Conjurations
 * Level 3.4 Hexes
 * Level 3.4 Summonings
 * Level 3.4 Necromancy
 * Level 3.4 Translocations
 * Level 3.4 Transmutations
 * Level 3.4 Fire Magic
 * Level 3.4 Ice Magic
 * Level 3.4 Air Magic
 * Level 3.4 Earth Magic
 * Level 3.4 Poison Magic


You knew the following spells:

 Your Spells              Type           Power      Damage    Failure   Level
a - Foxfire               Conj/Fire      64%        2x1d7     3%          1
b - Scorch                Fire           32%        2d6       5%          2
c - Volatile Blastmotes   Fire/Tloc      32%        2d12      11%         3
d - Inner Flame           Hex/Fire       16%        N/A       11%         3
e - Flame Wave            Conj/Fire      16%        2d7       34%         4
f - Slow                  Hex            64%        N/A       3%          1
g - Searing Ray           Conj           32%        2d5       5%          2
Your spell library was empty.

Dungeon Overview and Level Annotations

Branches:
Dungeon (3/15)

Altars:

Shops:
D:1 :

Annotations:
D:2 Robin
D:3 Grinder


Innate Abilities, Weirdness & Mutations

You are immune to sickness and miasma.
You are immune to poison.
Your flesh is very heat resistant. (rF++)
You are vulnerable to cold. (rC-)
You float through the air rather than walking.
You learn spells naturally, not from books.
Your magical power is your life essence.
You have superior vitality. (+4 MHP)


Message History

The goblin barely misses you. The hobgoblin completely misses you.
You fly upwards.
There is a stone staircase leading down here.
Casting: Foxfire (safe; 3% risk of failure)
Confirm with . or Enter, or press ? or * to list all spells.
You conjure some foxfire!
The goblin hits you with a +0 dagger. The hobgoblin hits you.
You hit the goblin.
You kill the goblin!
The foxfire hits the hobgoblin but does no damage.
The foxfire hits the hobgoblin.
The hobgoblin is severely wounded.
The hobgoblin hits you.
You have reached level 5!
The power to cast Searing Ray wells up from within.
Spell assigned to 'g'.
You hit the hobgoblin.
You kill the hobgoblin!
Casting: Foxfire (safe; 3% risk of failure)
Confirm with . or Enter, or press ? or * to list all spells.
Okay, then.
Unknown command.
You fly downwards.
Level annotation: Grinder, Robin The goblin hits you with a +0 club.
* * * LOW HITPOINT WARNING * * *
The goblin hits you with a +0 club.
* * * LOW HITPOINT WARNING * * *
There is a stone staircase leading up here.
Okay, then.
The goblin barely misses you. Robin hits you with a +0 whip.
* * * LOW HITPOINT WARNING * * *
You fly upwards.
There is a stone staircase leading down here.
Robin hits you with a +0 whip.
* * * LOW HITPOINT WARNING * * *
Items here: ) ÷ ††.
The goblin attacks as you move away! The goblin misses you.
Robin hits you with a +0 whip.
You die...

#.#...........#.#.........# #.
#.#.......#####.#####....## #.
#.#.......# #.# #....# #.
#.##......# #.# #....# ##
#.###.....#####.#####....# ## #.#
#...........##.##..(.# #.
#.###...#.......##.##....# #.
#.......#....)[)...##....#######.
###.....#.....g)@................
#.....#.#..))g#####.......#####
#.....#.#.....# #..<......#..
#.....#.####.## #.#.##.##.###
##....#.####.# #.#.##.#.....
######.#....######.#..).......
#.....######.........#.#.#...
#.##### #..#............## #.#
#..#......#.#.#...


You could see Robin and a goblin (strong).

Vanquished Creatures
  An adder (D:2)
  4 gnolls
  2 worms (D:2)
  3 bats
  9 giant cockroaches (D:2)
  3 hobgoblins
  2 quokkas
  3 ball pythons
  2 frilled lizards
  12 goblins
  4 kobolds (D:1)
  3 rats
48 creatures vanquished.

Vanquished Creatures (others)
  63 foxfires
63 creatures vanquished.

Grand Total: 111 creatures vanquished

Notes
Turn   | Place    | Note
-------+----------+-------------------------------------------
     0 | D:1      | jlumianski the Djinni Fire Elementalist began the quest for
                  | the Orb.
     0 | D:1      | jlumianski set off with the following spells memorised:
                  | Foxfire, Scorch, Volatile Blastmotes, Inner Flame, Flame
                  | Wave.
     0 | D:1      | Reached XP level 1. HP: 15/15 MP: 0/0
   280 | D:1      | Found a faded altar of an unknown god.
   306 | D:1      | Reached XP level 2. HP: 17/21 MP: 0/0
   553 | D:1      | Found Tosec's Book Shop.
   583 | D:1      | Reached XP level 3. HP: 13/25 MP: 0/0
   583 | D:1      | Learned a level 1 spell: Slow
  1149 | D:2      | Reached XP level 4. HP: 29/31 MP: 0/0
  2239 | D:3      | Noticed Grinder
  2240 | D:3      | Noticed Robin
  2458 | D:2      | Reached skill level 1 in Maces & Flails
  2466 | D:2      | Reached XP level 5. HP: 13/36 MP: 0/0
  2466 | D:2      | Learned a level 2 spell: Searing Ray
  2472 | D:2      | Slain by Robin

Illustrated notes

Levels and vault maps discovered:
D:1:      tarquinn_simple_flora_water_c, layout_basic, serial_shops,
          nicolae_shop_waterfront, hellmonk_ecumenical_altar_inner_sanctum
D:2:      minmay_roachtagon, layout_basic, serial_co_window_serial,
          co_window_corner_a, co_window_paths_a, co_window_corner_a,
          co_window_cross_1, co_window_corner_a, co_window_cross_1,
          co_window_paths_a, co_window_cross_2, co_window_corner_cb,
          co_window_unsneaky_path_e, co_window_2corner, co_window_paths_d,
          glass_columns_b
D:3:      layout_basic, uniq_grinder, uniq_jessica, uniq_sigmund, uniq_robin

Skill      XL: |  1  2  3  4 |
---------------+-------------+-----
Spellcasting   | |  3.4
Conjurations   | |  3.4
Hexes          | |  3.4
Summonings     | |  3.4
Necromancy     | |  3.4
Translocations | |  3.4
Transmutations | |  3.4
Fire Magic     | |  3.4
Ice Magic      | |  3.4
Air Magic      | |  3.4
Earth Magic    | |  3.4
Poison Magic   | |  3.4
Stealth        | 2 |  2.4
Dodging        | 3 |  3.2
Maces & Flails | 1 |  1.0
Fighting       | |  0.6
Unarmed Combat | |  0.1

Action                     |  1- 3 |  4- 6 || total
---------------------------+-------+-------++-------
  Melee: Whip              |    15 |    42 ||    57
         Unarmed           |     1 |       ||     1
   Cast: Foxfire           |    22 |    13 ||    35
         Scorch            |     1 |       ||     1
         Volatile Blastmot |       |     1 ||     1
   Stab: Sleeping          |       |     4 ||     4
 Armour: Robe              |     8 |    10 ||    18
  Dodge: Dodged            |    18 |    43 ||    61

Table legend: (Time is in decaauts)
 A = Elapsed time spent in this place.
 B = Non-inter-level travel time spent in this place.
 C = Inter-level travel time spent in this place.
 D = Time resting spent in this place.
 E = Time spent auto-exploring this place.
 F = Levels seen in this place.
 G = Mean time per level.
                   A        B        C        D        E       F      G
               +--------+--------+--------+--------+--------+-----+--------+
         Total |   2488 |   2451 |     37 |    319 |   1378 |   3 |  829.3 |
       Dungeon |   2488 |   2451 |     37 |    319 |   1378 |   3 |  829.3 |
               +--------+--------+--------+--------+--------+-----+--------+

Top non-repeatable levels by time:
     D:2: 1296 daAuts
     D:1: 891 daAuts
     D:3: 299 daAuts
